 Dungeon Crawl Stone Soup version 0.31-a0-1237-gabc64e778c (webtiles) character file.

Game seed: 1438483933930099561

123 Darkkill the Shooter (level 4, 0/40 HPs)
             Began as a Minotaur Hunter on Dec 15, 2023.
             Slain by a gnoll
             ... wielding a +0 flail
              (3 damage)
             ... on level 3 of the Dungeon.
             The game lasted 00:03:17 (1694 turns).

Darkkill the Shooter (Minotaur Hunter)              Turns: 1694, Time: 00:03:18

Health: 0/40       AC:  3    Str: 16    XL:     4   Next: 79%
Magic:  3/3        EV: 12    Int:  6    God:
Gold:   45         SH:  0    Dex: 15    Spells: 3/3 levels left

rFire   . . .        a - +0 shortbow
rCold   . . .        (shield currently unavailable)
rNeg    . . .        c - +0 leather armour
rPois   .            (helmet restricted)
rElec   .            (no cloak)
rCorr   .            (no gloves)
SInv    .            (no boots)
Will    .....        (no amulet)
Stlth   ++           (no ring)
HPRegen 0.26/turn    (no ring)
MPRegen 0.08/turn

%: no passive effects
@: no status effects
A: horns 2, retaliatory headbutt
a: no special abilities


You were on level 3 of the Dungeon.
You visited 1 branch of the dungeon, and saw 3 of its levels.

You collected 45 gold pieces.

Inventory:

Hand Weapons
 a - a +0 shortbow (weapon)
Missiles
 e - 16 stones
 h - 8 poisoned darts
 i - 4 javelins
Armour
 c - a +0 leather armour (worn)
 k - a +0 pair of boots
Scrolls
 b - a scroll of butterflies
 f - a scroll of revelation
Potions
 d - a potion of haste
 j - a potion of lignification


   Skills:
 + Level 3.7 Fighting
 + Level 5.1 Ranged Weapons
 + Level 3.3 Dodging
 + Level 2.0 Stealth


You had 3 spell levels left.
You didn't know any spells.
Your spell library contained the following spells:

 Spells                   Type           Power      Damage    Failure   Level
 Sting                    Tmut/Pois      0%         1d3       52%         1
 Cigotuvi's Dreadful Rot  Necr/Pois/Air  0%         N/A       67%         2
 Poisonous Vapours        Pois/Air       0%         N/A       67%         2
 Dazzling Flash           Conj/Hex       0%         N/A       88%         3
 Dispel Undead            Necr           0%         3d6       99%         4
 Olgreb's Toxic Radiance  Pois           0%         N/A       99%         4
 Agony                    Necr           0%         N/A       100%        5
 Silence                  Hex/Air        0%         N/A       100%        5
 Death Channel            Necr           0%         N/A       100%        6


Dungeon Overview and Level Annotations

Branches:
Dungeon (3/15)

Altars:

Shops:
D:1 !   D:2 *


Innate Abilities, Weirdness & Mutations

You have a pair of horns on your head.
You reflexively headbutt those who attack you in melee.


Message History

The frilled lizard hisses angrily.
You shoot an arrow. The arrow hits the frilled lizard!
You kill the frilled lizard!
Found a ring mail.
No target in view!
A quokka comes into view.
You shoot an arrow. The arrow hits the quokka.
The quokka is moderately wounded.
A quokka is nearby!
You shoot an arrow. The arrow hits the quokka!
You kill the quokka!
f - a scroll of revelation No target in view!
You see here a +0 ring mail.
An adder comes into view.
You shoot an arrow. The arrow completely misses the adder.
An adder is nearby!
You shoot an arrow. The arrow closely misses the adder.
The adder hisses angrily.
An adder is nearby!
You shoot an arrow. The arrow hits the adder.
The adder is heavily wounded.
An adder is nearby!
You shoot an arrow. The arrow closely misses the adder.
An adder is nearby!
You shoot an arrow. The arrow closely misses the adder.
The adder misses you. The adder bites you.
You are poisoned.
The adder poisons you!
An adder is nearby!
You shoot an arrow. The arrow hits the adder.
The adder is severely wounded.
You feel sick. The adder bites you. The adder bites you but does no damage.
An adder is nearby!
You shoot an arrow. The arrow hits the adder.
You kill the adder!
You feel sick.
You feel sick.
You feel sick.
You feel sick.
You are no longer poisoned.
HP restored.
Jessica the Apprentice Sorceress comes into view.
She is wielding a +0 club.
You shoot an arrow. The arrow hits Jessica.
Jessica is heavily wounded.
Jessica shouts, "You're disturbing me!
I'll have to kill you!"
You shoot an arrow.
The arrow hits Jessica but does no damage.
Jessica is heavily wounded.
Jessica gestures wildly while chanting.
Jessica seems to speed up.
You hear a shout!
You shoot an arrow. The arrow hits Jessica.
Jessica is severely wounded.
Jessica points at you and mumbles some strange words.
You feel yourself slow down.
You shoot an arrow. The arrow barely misses Jessica.
Jessica very coldly says, "I hate your company."
You shoot an arrow. The arrow hits Jessica.
You kill Jessica!
A gnoll comes into view. It is wielding a +0 flail.
Your Stealth skill increases to level 2!
You shoot an arrow. The arrow closely misses the gnoll.
You shoot an arrow.
The arrow hits the gnoll but does no damage.
You shoot an arrow. The arrow completely misses the gnoll.
A gnoll is nearby!
You shoot an arrow. The arrow hits the gnoll.
The gnoll is lightly wounded.
The gnoll hits you with a +0 flail! The gnoll hits you with a +0 flail.
A gnoll is nearby!
You are too injured to fight recklessly!
A gnoll is nearby!
You are too injured to fight recklessly!
A gnoll is nearby!
You are too injured to fight recklessly!
A gnoll is nearby!
Okay, then.
Fire: a) +0 shortbow
Press: ? - help, Q - select action, (/) - cycle Shift-Dir - straight line, f/p - gnoll
Aim: a gnoll, wielding a +0 flail (lightly wounded, 65% to hit)
You shoot an arrow. The arrow hits the gnoll.
The gnoll is moderately wounded.
The gnoll hits you with a +0 flail. The gnoll hits you with a +0 flail!
Fire: a) +0 shortbow
Press: ? - help, Q - select action, (/) - cycle Shift-Dir - straight line, f/p - gnoll
Aim: a gnoll, wielding a +0 flail (moderately wounded, 65% to hit)
You shoot an arrow. The arrow barely misses the gnoll.
You feel yourself speed up. The gnoll hits you with a +0 flail!
* * * LOW HITPOINT WARNING * * *
The gnoll hits you with a +0 flail!
* * * LOW HITPOINT WARNING * * *
Fire: a) +0 shortbow
Press: ? - help, Q - select action, (/) - cycle Shift-Dir - straight line, f/p - gnoll
Aim: a gnoll, wielding a +0 flail (moderately wounded, 65% to hit)
You shoot an arrow. The arrow hits the gnoll.
The gnoll is heavily wounded.
The gnoll hits you with a +0 flail.
You die...

#........# ..#........
#.....†..# #...#.......
#........# ##..#........
###.###### #............
###.#### #............
.......#####.......)....
.......#..[..†..........
.................g......
...)...#.....##.@.......
.......#.....##....##...
########.....##....#
#.....##....#
#.....##....#
#.....####### #######


You could see a gnoll.

Vanquished Creatures
  Jessica (D:3)
  4 adders
  2 dart slugs
  2 ball pythons
  5 bats
  2 endoplasms (D:1)
  5 giant cockroaches (D:1)
  9 goblins
  2 hobgoblins (D:1)
  8 jackals
  3 quokkas
  2 frilled lizards
  2 kobolds
  5 rats
52 creatures vanquished.

Notes
Turn   | Place    | Note
-------+----------+-------------------------------------------
     0 | D:1      | Darkkill the Minotaur Hunter began the quest for the Orb.
     0 | D:1      | Reached XP level 1. HP: 18/18 MP: 0/0
    84 | D:1      | Reached skill level 1 in Stealth
   102 | D:1      | Found Safiuh's Distillery.
   120 | D:1      | Reached XP level 2. HP: 25/25 MP: 1/1
   448 | D:1      | Reached XP level 3. HP: 31/31 MP: 2/2
   981 | D:2      | Found Zoess's Assorted Antiques.
  1206 | D:2      | Reached XP level 4. HP: 38/38 MP: 3/3
  1402 | D:2      | Reached skill level 5 in Ranged Weapons
  1682 | D:3      | Noticed Jessica
  1687 | D:3      | Killed Jessica
  1693 | D:3      | HP: 2/40 [gnoll/+0 flail (8)]
  1694 | D:3      | Slain by a gnoll

Illustrated notes

Levels and vault maps discovered:
D:1:      mrwooster_arrival_statue_3, layout_loops_ring, serial_shops, shop,
          amcnicky_mini_pool_small
D:2:      layout_rooms, serial_co_window_serial, co_window_of_opportunity_a,
          co_window_paths_b, co_window_cross_1, co_window_corner_a,
          co_window_cross_1, co_window_corner_cb, co_window_of_opportunity_c,
          co_window_corner_b, co_window_sun, co_window_4corner_a,
          glass_columns_a, glass_columns_c, glass_columns_a, glass_columns_c,
          serial_shops, shop
D:3:      layout_rooms, makhleb_altar_promises_db, uniq_ijyb, uniq_jessica,
          uniq_grinder

Skill      XL: |  1  2  3  4 |
---------------+-------------+-----
Stealth        | 1 2 |  2.0
Fighting       | 3 |  3.7
Dodging        | 3 |  3.3
Ranged Weapons | 5 |  5.1

Action                     |  1- 3 |  4- 6 || total
---------------------------+-------+-------++-------
   Fire: Shortbow          |   112 |    44 ||   156
    Use: Scroll            |     2 |     3 ||     5
 Armour: Leather armour    |    28 |    16 ||    44
  Dodge: Dodged            |    42 |     8 ||    50

Table legend: (Time is in decaauts)
 A = Elapsed time spent in this place.
 B = Non-inter-level travel time spent in this place.
 C = Inter-level travel time spent in this place.
 D = Time resting spent in this place.
 E = Time spent auto-exploring this place.
 F = Levels seen in this place.
 G = Mean time per level.
                   A        B        C        D        E       F      G
               +--------+--------+--------+--------+--------+-----+--------+
         Total |   1729 |   1680 |     49 |     33 |   1374 |   3 |  576.3 |
       Dungeon |   1729 |   1680 |     49 |     33 |   1374 |   3 |  576.3 |
               +--------+--------+--------+--------+--------+-----+--------+

Top non-repeatable levels by time:
     D:2: 910 daAuts
     D:1: 719 daAuts
     D:3: 98 daAuts

Levels and vault maps discovered:
D:1:      mrwooster_arrival_statue_3, layout_loops_ring, serial_shops, shop,
          amcnicky_mini_pool_small
D:2:      layout_rooms, serial_co_window_serial, co_window_of_opportunity_a,
          co_window_paths_b, co_window_cross_1, co_window_corner_a,
          co_window_cross_1, co_window_corner_cb, co_window_of_opportunity_c,
          co_window_corner_b, co_window_sun, co_window_4corner_a,
          glass_columns_a, glass_columns_c, glass_columns_a, glass_columns_c,
          serial_shops, shop
D:3:      layout_rooms, makhleb_altar_promises_db, uniq_ijyb, uniq_jessica,
          uniq_grinder

Table legend: (Time is in decaauts)
 A = Elapsed time spent in this place.
 B = Non-inter-level travel time spent in this place.
 C = Inter-level travel time spent in this place.
 D = Time resting spent in this place.
 E = Time spent auto-exploring this place.
 F = Levels seen in this place.
 G = Mean time per level.
                   A        B        C        D        E       F      G
               +--------+--------+--------+--------+--------+-----+--------+
         Total |   1729 |   1680 |     49 |     33 |   1374 |   3 |  576.3 |
       Dungeon |   1729 |   1680 |     49 |     33 |   1374 |   3 |  576.3 |
               +--------+--------+--------+--------+--------+-----+--------+

Top non-repeatable levels by time:
     D:2: 910 daAuts
     D:1: 719 daAuts
     D:3: 98 daAuts

Table legend:
 A = Kills in this place as a percentage of kills in the entire game.
 B = Kills by you in this place as a percentage of kills by you in the entire game.
 C = Kills by friends in this place as a percentage of kills by friends in the entire game.
 D = Other kills in this place as a percentage of other kills in the entire game.
 E = Experience gained in this place as a percentage of experience gained in the entire game.
 F = Experience gained in this place divided by the number of levels of this place that you have seen.
                   A       B       C       D       E      F
               +-------+-------+-------+-------+-------+----------------------
         Total | 100.0 | 100.0 |   N/A |   N/A | 100.0 |  58.7
       Dungeon | 100.0 | 100.0 |   N/A |   N/A | 100.0 |  58.7
               +-------+-------+-------+-------+-------+----------------------
